 Dungeon Crawl Stone Soup version 0.29.1-12-g30fa7ad0bf (webtiles) character file.

Game seed: 27737523017841790

92 DemonSlayer the Digger (level 4, -7/25 (30) HPs)
             Began as a Demonspawn Earth Elementalist on Jan 18, 2023.
             Mangled by a wight
             ... wielding a +5 falchion
              (10 damage)
             ... on level 3 of the Dungeon.
             The game lasted 00:04:58 (2881 turns).

DemonSlayer the Digger (DsEE)                       Turns: 2881, Time: 00:04:59

HP:   -7/25 (30)    AC:  3    Str:  9    XL:     4   Next: 35%
MP:   5/8           EV: 11    Int: 18    God:
Gold: 101           SH:  0    Dex: 13    Spells: 3/9 levels left

rFire   . . .      SeeInvis .   c - +0 hand axe
rCold   . . .      Faith    .   (no shield)
rNeg    . . .      Spirit   .   m - +0 leather armour
rPois   .          Reflect  .   (no helmet)
rElec   .          Harm     .   (no cloak)
rCorr   .          Rampage  .   (no gloves)
Will    .....                   (no boots)
Stlth   ++........              (no amulet)
HPRegen 0.08/turn               (no ring)
MPRegen 0.11/turn               (no ring)

@: hasted, heavily drained, very quick
A: foul stench 1, demonic touch 2
a: no special abilities


You were on level 3 of the Dungeon.
You visited 1 branch of the dungeon, and saw 3 of its levels.

You collected 101 gold pieces.

Inventory:

Hand Weapons
 c - a +0 hand axe (weapon)
Armour
 g - a +0 kite shield
 m - a +0 leather armour (worn)
Scrolls
 j - a scroll of immolation
Potions
 b - a potion of magic
 e - a potion of cancellation {unknown}
 i - 3 potions of curing
 k - a potion of heal wounds {unknown}
 l - a potion of invisibility {unknown}


   Skills:
 + Level 1.9 Dodging
 + Level 2.0 Stealth
 + Level 3.1 Spellcasting
 + Level 0.8 Transmutations
 + Level 3.8 Earth Magic


You had 3 spell levels left.
You knew the following spells:

 Your Spells              Type           Power      Damage    Failure   Level
a - Sandblast             Erth           32%        2d9       4%          1
b - Passwall              Tmut/Erth      9%         N/A       13%         2
c - Stone Arrow           Conj/Erth      18%        3d8       30%         3

Your spell library contained the following spells:

 Spells                   Type           Power      Damage    Failure   Level
 Petrify                  Tmut/Erth      11%        N/A       65%         4


Dungeon Overview and Level Annotations

Branches:
Dungeon (3/15)

Altars:


Innate Abilities, Weirdness & Mutations

You may rarely emit foul miasma when damaged in melee.
Your touch may inflict irresistible damage on your foes.


Message History

There is an escape hatch in the ceiling here.
You see here 7 stones.
There is an escape hatch in the floor here.
You slide downwards.
The hatch slams shut behind you.
A dart slug comes into view.
A dart slug is nearby!
A dart slug is nearby!
A dart slug is nearby!
A dart slug is nearby!
The dart slug launches a dart at you. The slug dart hits you.
You can't see any susceptible monsters within range! (Use Z to cast anyway.)
The dart slug launches a dart at you. The slug dart hits you.
You can't see any susceptible monsters within range! (Use Z to cast anyway.)
The dart slug launches a dart at you. The slug dart hits you.
The blast of sand hits the dart slug!
You kill the dart slug!
You can't see any susceptible monsters within range! (Use Z to cast anyway.)
You can't see any susceptible monsters within range! (Use Z to cast anyway.) Magic restored.
A wight is nearby!
A wight is nearby!
A wight is nearby!
A wight is nearby!
The blast of sand hits the wight.
The wight is moderately damaged.
The blast of sand hits the wight but does no damage.
The wight is moderately damaged.
The blast of sand hits the wight.
The wight is heavily damaged.
The wight hits you with a +5 falchion.
You feel drained. The wight hits you with a +5 falchion!
Ouch! That really hurt!
* * * LOW HITPOINT WARNING * * *
You feel drained.
* * * LOW HITPOINT WARNING * * *
You feel yourself speed up. The wight hits you with a +5 falchion!
You die...

#........##
#.......##
#.##....# #.
###..# .#.
####### ..
#.....# #
#.....##.#.#
#..#..@zz.†#
#.....##.###
#.....# ..
####### ...
###


You could see 2 wights.

Vanquished Creatures
  2 adders (D:2)
  A worm (D:2)
  A dart slug (D:3)
  3 orcs (D:2)
  5 ball pythons
  5 endoplasms
  8 giant cockroaches (D:1)
  4 hobgoblins (D:2)
  7 jackals (D:2)
  2 kobolds (D:2)
  3 quokkas
  4 bats
  3 frilled lizards
  8 goblins
  A rat (D:1)
57 creatures vanquished.

Vanquished Creatures (others)
  4 plants (D:3)
4 creatures vanquished.

Grand Total: 61 creatures vanquished

Notes
Turn   | Place    | Note
-------+----------+-------------------------------------------
     0 | D:1      | DemonSlayer the Demonspawn Earth Elementalist began the
                  | quest for the Orb.
     0 | D:1      | Reached XP level 1. HP: 13/13 MP: 3/3
   565 | D:1      | Gained mutation: Your touch may inflict minor irresistible
                  | damage on your foes. [demonic ancestry]
   565 | D:1      | Reached XP level 2. HP: 15/19 MP: 1/5
   568 | D:1      | Learned a level 2 spell: Passwall
   990 | D:1      | Found a faded altar of an unknown god.
  1294 | D:2      | Gained mutation: Your touch may inflict irresistible damage
                  | on your foes. [demonic ancestry]
  1294 | D:2      | Reached XP level 3. HP: 24/24 MP: 4/6
  1737 | D:2      | Gained mutation: You may rarely emit foul miasma when
                  | damaged in melee. [demonic ancestry]
  1737 | D:2      | Reached XP level 4. HP: 19/30 MP: 3/8
  2467 | D:2      | Learned a level 3 spell: Stone Arrow
  2881 | D:3      | Mangled by a wight

Illustrated notes

Levels and vault maps discovered:
D:1:      sevenhm_arrival_forest_fort_small_6, layout_loops_ring,
          shapermc_ecumenical_altar_acropolis, serial_bayou_pond_d,
          minmay_misc_feat_encased, minmay_worlds_worst_comb
D:2:      layout_loops_ring, guppyfry_early_orc_mine
D:3:      layout_loops_cross, tso_altar, mainiacjoe_overflow_chevrons,
          serial_shops, nicolae_shop_window_shopping

Skill      XL: |  1  2  3 |
---------------+----------+-----
Earth Magic    | 3 |  3.8
Stealth        | 2 |  2.0
Spellcasting   | 3 |  3.1
Dodging        | |  1.9
Transmutations | |  0.8

Action                   |  1- 3 |  4- 6 || total
-------------------------+-------+-------++-------
Melee: Hand axe          |    20 |     5 ||    25
       Unarmed           |     4 |       ||     4
       Touch             |     2 |       ||     2
 Cast: Sandblast         |    49 |    26 ||    75
  Use: Potion            |     1 |     2 ||     3
       Scroll            |       |     4 ||     4
 Stab: Sleeping          |     1 |       ||     1
Armor: Robe              |    12 |     3 ||    15
Dodge: Dodged            |    33 |     9 ||    42
